 Dungeon Crawl Stone Soup version 0.30-a0-824-g6c64550be9 (webtiles) character file.

Game seed: 13832937967028963056

1 Esekla the Sneak (level 1, -7/16 HPs)
             Began as an Octopode Delver on Feb 28, 2023.
             Mangled by a gnoll
             ... wielding a +0 halberd
             ... led by a gnoll sergeant
              (13 damage)
             ... on level 5 of the Dungeon.
             The game lasted 00:01:47 (87 turns).

Esekla the Sneak (Octopode Delver)                    Turns: 87, Time: 00:01:48

Health: -7/16      AC:  1    Str: 11    XL:     1   Next: 20%
Magic:  1/1        EV: 13    Int: 12    God:
Gold:   17         SH:  0    Dex: 13    Spells: 0/0 levels left

rFire   . . .      SeeInvis .    a - +0 falchion
rCold   . . .      Faith    .    (no shield)
rNeg    . . .      Spirit   .    (helmet restricted)
rPois   .          Reflect  .    (no amulet)
rElec   .          Harm     .    (no ring)
rCorr   .          Rampage  .    (no ring)
Will    .....                    (no ring)
Stlth   ++++                     (no ring)
HPRegen 0.22/turn                (no ring)
MPRegen 0.07/turn                (no ring)
                                 (no ring)
                                 (no ring)

@: no status effects
A: almost no armour, amphibious, 8 rings, camouflage 1, gelatinous body 1,
(nimble swimmer 1), tentacles
a: no special abilities


You were on level 5 of the Dungeon.
You visited 1 branch of the dungeon, and saw 1 of its levels.

You collected 17 gold pieces.

Inventory:

Hand Weapons
 a - a +0 falchion (weapon)
Wands
 f - a wand of digging (3)
Scrolls
 b - a scroll of fog
 c - a scroll of identify {unknown}
 d - a scroll of fear
Potions
 e - a potion of haste


   Skills:
 * Level 3.0 Fighting
 * Level 2.0 Long Blades
 * Level 2.0 Dodging
 + Level 6.6 Stealth


You couldn't memorise any spells.
You didn't know any spells.
Your spell library was empty.

Dungeon Overview and Level Annotations

Branches:
Dungeon (5/15)
 Temple: D:4-7

Altars:

Shops:
D:5 :*


Innate Abilities, Weirdness & Mutations

You cannot wear most types of armour.
You are amphibious.
You can wear up to eight rings at the same time.
Your skin changes colour to match your surroundings (Stealth+).
Your rubbery body absorbs attacks. (AC +1, EV +1)
((You are camouflaged when in or above water. (Stealth+)))
You have tentacles for arms and can constrict up to eight enemies at once.


Message History

The gnoll shouts!
You hear a shout!
A gnoll sergeant comes into view. It is wielding a +0 spear.
The gnoll sergeant moves out of view.
A gnoll comes into view. It is wielding a +0 halberd.
The gnoll shouts!
You hear a shout!
Found a scroll labelled AZXE CASEO.
A gnoll comes into view. It is wielding a +0 whip.
Found a scroll of fear.
Found Dacvedul's Assorted Antiques.
There is an entrance to Dacvedul's Assorted Antiques here.
You can access your shopping list by pressing '$'.
You see here a scroll of fear.
d - 2 scrolls of fear (gained 1)
The gnoll completely misses you.
The gnoll hits the plant with a +0 flail!
The plant begins to die.
As you read the scroll of fear, it crumbles to dust.
You assume a fearsome visage.
The gnoll looks frightened! x3
A nearby plant withers and dies.
A quokka comes into view.
Found 17 gold pieces.
Found a scroll labelled ZASKEI OROA.
Found a fuming puce potion.
You barely miss the quokka. Your grab misses the quokka.
Your squeeze misses the quokka. The quokka closely misses you.
The quokka barely misses you.
You closely miss the quokka. Your grab misses the quokka.
You tentacle-slap the quokka, but do no damage.
You squeeze the quokka.
You kill the quokka!
An iguana comes into view.
You see here a scroll labelled ZASKEI OROA.
c - a scroll labelled ZASKEI OROA You now have 17 gold pieces.
The gnoll hits you with a +0 halberd!
Ouch! That really hurt!
You hit the gnoll. Your grab misses the gnoll. Your squeeze misses the gnoll.
The gnoll is heavily wounded.
The gnoll hits you with a +0 halberd!
Ouch! That really hurt!
You die...

###..........g..,***
#....PP..###......,,
#....P∩..##........,
##........#..#.....,
##.......#.##.....,
#..g...........l.,
###..............,
##.#.............!,
##.@g...........#,,,
#.......###.....#*,,
###.............#***
#.##...†......# *
######.....####
#..#.## ######


You could see a gnoll.

Vanquished Creatures
  A quokka (D:5)
1 creature vanquished.

Vanquished Creatures (others)
  A plant (D:5)
1 creature vanquished.

Grand Total: 2 creatures vanquished

Notes
Turn   | Place    | Note
-------+----------+-------------------------------------------
     0 | D:5      | Esekla the Octopode Delver began the quest for the Orb.
     0 | D:5      | Reached XP level 1. HP: 16/16 MP: 1/1
     0 | D:5      | Found Evvulod's Vocational Training.
    30 | D:5      | Noticed a gnoll sergeant
    34 | D:5      | Found Dacvedul's Assorted Antiques.
    61 | D:5      | Noticed an iguana
    87 | D:5      | Mangled by a gnoll

Illustrated notes

Levels and vault maps discovered:
D:5:      layout_cave_pools, serial_shops, nicolae_shop_overgrown_old_shop,
          shop, gammafunk_ghost_stat_death, nicolae_shop_vocational

Action                     || total
---------------------------++-------
  Melee: Falchion          ||     3
         Punch             ||     1
         Tentacles         ||     1
    Use: Scroll            ||     2
  Dodge: Dodged            ||     3

Table legend: (Time is in decaauts)
 A = Elapsed time spent in this place.
 B = Non-inter-level travel time spent in this place.
 C = Inter-level travel time spent in this place.
 D = Time resting spent in this place.
 E = Time spent auto-exploring this place.
 F = Levels seen in this place.
 G = Mean time per level.
                   A        B        C        D        E       F      G
               +--------+--------+--------+--------+--------+-----+--------+
         Total |     87 |     87 |      0 |      0 |      0 |   1 |   87.0 |
       Dungeon |     87 |     87 |      0 |      0 |      0 |   1 |   87.0 |
               +--------+--------+--------+--------+--------+-----+--------+

Top non-repeatable levels by time:
     D:5: 87 daAuts
